 Dungeon Crawl Stone Soup version 0.24-b1 (webtiles) character file.

Game seed: 3194601043694789428, levelgen mode: deterministic

250 HumanIsDead the Digger (level 6, -1/41 HPs)
             Began as a Human Earth Elementalist on Oct 12, 2019.
             Killed from afar by an orc wizard (4 damage)
             ... with a puff of frost
             ... on level 3 of the Dungeon.
             The game lasted 00:07:14 (2312 turns).

HumanIsDead the Digger (Human Earth Elementalist)   Turns: 2312, Time: 00:07:14

Health: -1/41      AC:  4    Str:  8    XL:     6   Next: 35%
Magic:  8/9        EV: 12    Int: 17    God:
Gold:   174        SH:  0    Dex: 14    Spells: 8/9 levels left

rFire    . . .     SeeInvis .   j - +0 hunting sling
rCold    . . .     Gourm    .   (no shield)
rNeg     . . .     Faith    .   c - +0 robe
rPois    .         Spirit   .   q - +2 hat
rElec    .         Reflect  .   (no cloak)
rCorr    .         Harm     .   (no gloves)
MR       .....                  (no boots)
Stlth    ++........             (no amulet)
HPRegen  0.13/turn              (no ring)
MPRegen  0.11/turn              (no ring)

@: no status effects
A: no striking features
a: no special abilities


You were on level 3 of the Dungeon.
You were not hungry.

You visited 1 branch of the dungeon, and saw 4 of its levels.

You collected 174 gold pieces.

Inventory:

Hand Weapons
 j - a +0 hunting sling (weapon)
Missiles
 b - 71 stones
 s - 20 sling bullets (quivered)
 t - a throwing net
Armour
 c - a +0 robe (worn)
 e - a +0 ring mail
 q - a +2 hat (worn)
Jewellery
 n - a cursed ring of teleportation {unknown}
Wands
 p - a wand of disintegration (10)
Scrolls
 a - a scroll of enchant weapon {unknown}
 g - 4 scrolls of teleportation {unknown}
 i - 2 scrolls of immolation {unknown}
 k - 2 scrolls of identify {unknown}
 o - a scroll of enchant armour {unknown}
 u - a scroll of blinking {unknown}
 x - a scroll of magic mapping {unknown}
Potions
 f - a potion of mutation {unknown}
 h - 2 potions of curing {unknown}
 l - 3 potions of haste {unknown}
 m - a potion of flight {unknown}
 r - a potion of ambrosia {unknown}
 v - a potion of invisibility {unknown}
Comestibles
 d - 7 rations
 w - 7 chunks of flesh


   Skills:
 - Level 2.0 Dodging
 - Level 2.0 Stealth
 - Level 2.0 Spellcasting
   Level 1.0 Transmutations
 + Level 6.7 Earth Magic


You had 8 spell levels left.
You knew the following spells:

 Your Spells              Type           Power        Failure   Level  Hunger
a - Sandblast             Erth           ###...       1%          1    #......

Your spell library contained the following spells:

 Spells                   Type           Power        Failure   Level  Hunger
 Passwall                 Tmut/Erth      ##......     6%          2    ###....
 Stone Arrow              Conj/Erth      ##....       14%         3    ###....
 Lee's Rapid Deconstruct  Erth           ###.......   34%         5    ######.
 Petrify                  Tmut/Erth      ##......     36%         4    #####..


Dungeon Overview and Level Annotations

Branches:
Dungeon (4/15)
 Temple: D:4-7

Altars:
Gozag
Yredelemnul


Message History

Aiming: Sandblast (safe; 1% risk of failure)
Press: ? - help, Shift-Dir - straight line, f - orc priest
Aim: an orc priest, wielding a +0 flail The blast of sand hits the orc priest.
The orc priest is moderately wounded.
b - 71 stones The orc priest hits you with a +0 flail!
The orc wizard casts a spell at you. The magic dart hits you!
The orc wizard casts a spell at you. The puff of flame hits you.
You climb upwards.
There is a stone staircase leading down here.
The orc wizard hits you with a +0 dagger.
The orc priest invokes the aid of Beogh against you.
Beogh smites you!
* * * LOW HITPOINT WARNING * * *
The orc wizard points at you and mumbles some strange words.
The puff of frost hits you.
You die...

#...[...........
#.##############
#.##.# ###....#
#.##.# #.'....#
#.##.# #.#....##
#.##.###.#.....#
#.##.....#.....#
######.##.###.#......
#...@.o...#...[....#.
######oo...........+.
#.....<#.###.##.
####..#.#.#####.##.
#.....#..<#.....##.
#.###.#.#.#.#.#.##.
#.###.....#.#.#.##.
#.......#.#.#.#.#+.
#######.#†#.....##.


You could see an orc priest and 2 orc wizards.

Vanquished Creatures
  An ogre (D:2)
  A hound (D:2)
  5 adders
  An ooze (D:2)
  6 worms
  3 dart slugs
  2 leopard geckos
  3 orcs (D:3)
  3 giant cockroaches
  10 goblins
  3 hobgoblins (D:2)
  A jackal (D:2)
  5 kobolds
  5 bats
  5 frilled lizards
  9 rats
63 creatures vanquished.

Notes
Turn   | Place    | Note
-------+----------+-------------------------------------------
     0 | D:1      | HumanIsDead the Human Earth Elementalist began the quest
                  | for the Orb.
     0 | D:1      | Reached XP level 1. HP: 13/13 MP: 3/3
   217 | D:1      | Reached XP level 2. HP: 19/19 MP: 3/5
   743 | D:2      | Found an opulent altar of Gozag.
   869 | D:2      | Reached skill level 4 in Earth Magic
   869 | D:2      | Reached XP level 3. HP: 21/24 MP: 2/6
   891 | D:2      | Found a basalt altar of Yredelemnul.
   921 | D:2      | Noticed an ogre
   976 | D:2      | Killed an ogre
   976 | D:2      | Reached skill level 5 in Earth Magic
   976 | D:2      | Reached XP level 4. HP: 21/30 MP: 0/7
   976 | D:2      | Reached XP level 5. HP: 24/35 MP: 0/8
  1398 | D:2      | Reached skill level 6 in Earth Magic
  1398 | D:2      | Reached XP level 6. HP: 33/41 MP: 0/9
  2312 | D:3      | Killed from afar by an orc wizard

Skill      XL: |  1  2  3  4  5 |
---------------+----------------+-----
Earth Magic    | 4 5 6 |  6.7
Dodging        | |  2.0
Stealth        | |  2.0
Spellcasting   | |  2.0
Transmutations | |  1.0

Action                   |  1- 3 |  4- 6 || total
-------------------------+-------+-------++-------
Melee: Unarmed           |     2 |     1 ||     3
 Cast: Sandblast         |    33 |    76 ||   109
  Eat: Chunk             |       |     6 ||     6
Armor: Robe              |       |     2 ||     2
Dodge: Dodged            |    13 |    14 ||    27
